 Dungeon Sprint DCSS version 0.17-a0-1450-g7e755d1 (webtiles) character file.

19327 pulse the Executioner (level 13, -16/111 HPs)
             Began as a Formicid Fighter on June 30, 2015.
             Was the Champion of Qazlal.
             Killed from afar by an ice dragon (64 damage)
             ... with a blast of cold
             ... in the Dungeon (Sprint IX: "|||||||||||||||||||||||||||||").
             The game lasted 00:11:14 (2197 turns).

pulse the Executioner (Formicid Fighter)            Turns: 2197, Time: 00:11:14

Health: -16/111    AC: 21    Str: 25    XL:     13   Next: 3%
Magic:  19/30      EV: 10    Int:  9    God:    Qazlal [******]
Gold:   1095       SH: 29    Dex: 17    Spells: 0 memorised, 12 levels left

rFire  . . .     SeeInvis +     b - +8 war axe (freeze)
rCold  x . .     Clarity  .     c - +0 storm dragon armour
rNeg   . . .     SustAt   .     F - +1 large shield
rPois  .         Gourm    .     (helmet unavailable)
rElec  +         Spirit   .     (no cloak)
rCorr  .         Warding  .     E - +0 pair of gloves {Dex+3}
rMut   .         Stasis   +     (no boots)
MR     ++...                    (no amulet)
Stlth  ..........               s - +2 ring of protection
                                y - ring of Utaergho {rC- MR+ MP+9 Dex+4 Stlth+}

@: protected from physical damage, repel missiles, very resistant to hostile
enchantments, extremely unstealthy
A: permanent stasis, dig shafts and tunnels, four strong arms, antennae 3
a: Dig, Upheaval, Elemental Force, Disaster Area, Renounce Religion


You were in the Dungeon.
You worshipped Qazlal.
Qazlal was exalted by your worship.
You were hungry.

You visited 1 branch You collected 1913 gold pieces.
You spent 818 gold pieces at shops.

Inventory:

Hand weapons
 b - a +8 war axe of freezing (weapon)
 e - a +1 vampiric war axe
Armour
 c - a +0 storm dragon armour (worn)
 q - a +2 plate armour
 E - a +0 pair of gloves of dexterity (worn)
 F - a +1 large shield (worn)
Magical staves
 a - an uncursed staff of energy
Jewellery
 r - a +3 ring of dexterity
 s - a +2 ring of protection (right hand)
 y - the ring of Utaergho (left hand) {rC- MR+ MP+9 Dex+4 Stlth+}
   (You bought it in a shop in the Dungeon)

   [ring of magical power]

   It affects your dexterity (+4).
   It makes you vulnerable to cold.
   It affects your resistance to hostile enchantments.
   It affects your magic capacity (+9).
   It makes you more stealthy.
 A - an uncursed ring of protection from fire
 B - an uncursed ring of stealth
 C - an uncursed ring of protection from magic
Magical devices
 o - a wand of cold (3)
Scrolls
 d - 2 scrolls of identify
 k - 3 scrolls of blinking
 m - 4 scrolls of remove curse
 n - 2 scrolls of amnesia
 x - 3 scrolls of fear
Potions
 f - 6 potions of curing
 g - a potion of invisibility
 h - a potion of haste
 i - 4 potions of magic
 j - 5 potions of berserk rage
 l - 6 potions of heal wounds
 D - 2 potions of cure mutation
Comestibles
 t - 40 fruits
 u - 12 bread rations
 v - 14 meat rations
 z - 2 slices of pizza


   Skills:
 + Level 13.1 Fighting
 * Level 22.1 Axes
 + Level 10.4 Armour
 - Level 3.6 Dodging
 + Level 13.9 Shields
 * Level 10.8 Invocations
 + Level 2.2 Evocations


You had 12 spell levels left.
You didn't know any spells.

Dungeon Overview and Level Annotations

Branches:
Dungeon (1/1)

Altars:
Cheibriados
Dithmenos
Elyvilon
Fedhas
Gozag
Kikubaaqudgha
Makhleb
Nemelex Xobeh
Okawaru
Qazlal
Ru
Sif Muna
Trog
Vehumet
Xom
Yredelemnul
Zin
The Shining One
Beogh
Jiyva
Lugonu

Shops:
D %?=}


Innate Abilities, Weirdness & Mutations

You are under a permanent stasis effect.
You can dig through walls and to a lower floor.
Your four strong arms can wield two-handed weapons with a shield.
You have a pair of large antennae on your head (SInv).


Message History

The ice dragon tramples you but does no damage.
You hit the ice dragon.
The ice dragon is lightly wounded.
You block the ice dragon's attack. x2
The ice dragon tramples you!
* * * LOW HITPOINT WARNING * * *
You feel more protected from physical attacks.
You stumble backwards!
Drink which item? (? for menu, Esc to quit)
You feel much better.
The ice dragon bites you but does no damage.
You block the ice dragon's attack. The ice dragon tramples you.
You feel more protected from physical attacks.
You stumble backwards!
You slash the ice dragon! You freeze the ice dragon.
The ice dragon is moderately wounded.
The ice dragon breathes frost at you. The blast of cold hits you!
You feel a terrible chill!
Ouch! That really hurt!
You die... {{{{{{{{{ {{{{{{{{{ {{{{{{{{{ {{ {{ {{{{ ▓▓▓▓▓▓▓▓▓▓▓▓▓▓▓▓▓▓▓▓▓▓▓▓▓▓ {{{{{{

....†(JDD@.......[[.[[[[..
▓▓▓▓▓▓▓▓▓▓▓▓▓▓▓▓▓▓▓▓▓▓▓▓▓▓▓▓▓▓▓▓▓
.................................
▓▓▓▓▓▓▓▓▓▓▓▓▓▓▓▓▓▓▓▓▓▓▓▓▓▓▓▓▓▓▓▓▓
...∩.∩)∩.∩..)))).......).)))'....
▓▓▓▓▓▓▓▓▓▓▓▓▓▓▓▓▓▓▓▓▓▓▓▓▓▓▓▓▓▓▓▓▓
.................................
▓▓▓▓▓▓▓▓▓▓▓▓▓▓▓▓▓▓▓▓▓▓▓▓▓▓▓▓▓▓▓▓▓
.'[.((........†.†††....††........


You could see a fire dragon, an ice dragon and a slime creature.

Vanquished Creatures
  Gastronok (D)
  A stone giant (D)
  Harold (D)
  Erica (D)
  5 ogre magi (D)
  An orc high priest (D)
  A hill giant (D)
  An orc knight (D)
  An orc sorcerer (D)
  A manticore (D)
  A cyclops (D)
  A cyclops (shapeshifter) (D)
  9 elephants (D)
  A black mamba (D)
  3 spiny frogs (D)
  A fire drake (D)
  A yaktaur (D)
  2 komodo dragons (D)
  A troll (D)
  3 two-headed ogres (D)
  4 yaks (D)
  Eustachio (D)
  A basilisk (D)
  2 hungry ghosts (D)
  A hippogriff (D)
  2 porcupines (D)
  An ice beast (D)
  6 orc warriors (D)
  2 sky beasts (D)
  5 ogres (D)
  A centaur (D)
  5 giant frogs (D)
  A scorpion (D)
  A wight (D)
  6 orc priests (D)
  4 orc wizards (D)
  A jelly (D)
  An iguana (D)
  A river rat (D)
  An adder zombie (D)
  7 orcs (D)
  A bat zombie (D)
  A goblin (D)
  2 bats (D)
  2 kobolds (D)
  3 rats (D)
100 creatures vanquished.

Notes
Turn   | Place    | Note
--------------------------------------------------------------
     0 | D        | pulse the Formicid Fighter began the quest for the Orb.
     0 | D        | Reached XP level 1. HP: 18/18 MP: 1/1
    10 | D        | Reached skill level 4 in Shields
    19 | D        | Noticed a centaur
    19 | D        | Noticed a scorpion
    32 | D        | Killed a scorpion
    32 | D        | Reached skill level 5 in Fighting
    32 | D        | Reached skill level 5 in Armour
    32 | D        | Reached skill level 5 in Shields
    32 | D        | Reached XP level 2. HP: 18/27 MP: 2/2
    32 | D        | Reached XP level 3. HP: 22/33 MP: 3/3
    32 | D        | Reached XP level 4. HP: 26/39 MP: 4/4
    41 | D        | Reached skill level 1 in Dodging
    45 | D        | Killed a centaur
    45 | D        | Reached skill level 6 in Fighting
    45 | D        | Reached skill level 7 in Shields
    45 | D        | Reached XP level 5. HP: 21/46 MP: 5/5
   155 | D        | Found a glowing silver altar of Zin.
   155 | D        | Found a glowing golden altar of the Shining One.
   155 | D        | Found an ancient bone altar of Kikubaaqudgha.
   155 | D        | Found a basalt altar of Yredelemnul.
   155 | D        | Found a shimmering altar of Xom.
   155 | D        | Found a radiant altar of Vehumet.
   156 | D        | Found an iron altar of Okawaru.
   157 | D        | Found a burning altar of Makhleb.
   158 | D        | Found a deep blue altar of Sif Muna.
   159 | D        | Found a bloodstained altar of Trog.
   160 | D        | Found a sparkling altar of Nemelex Xobeh.
   161 | D        | Found a white marble altar of Elyvilon.
   162 | D        | Found a roughly hewn altar of Beogh.
   163 | D        | Found a viscous altar of Jiyva.
   164 | D        | Found a corrupted altar of Lugonu.
   165 | D        | Found a blossoming altar of Fedhas.
   166 | D        | Found a snail-covered altar of Cheibriados.
   167 | D        | Found a shadowy altar of Dithmenos.
   168 | D        | Found a stormy altar of Qazlal.
   169 | D        | Found an opulent altar of Gozag.
   170 | D        | Found a sacrificial altar of Ru.
   176 | D        | Became a worshipper of Qazlal Stormbringer
   258 | D        | Noticed a sky beast
   258 | D        | Noticed a hungry ghost
   258 | D        | Noticed a giant frog
   258 | D        | Noticed a yak
   261 | D        | Killed a yak
   261 | D        | Reached skill level 9 in Shields
   261 | D        | Reached XP level 6. HP: 43/55 MP: 6/6
   263 | D        | Killed a giant frog
   263 | D        | Acquired Qazlal's first power
   263 | D        | Reached skill level 5 in Axes
   272 | D        | Killed a hungry ghost
   272 | D        | Reached skill level 10 in Shields
   272 | D        | Reached XP level 7. HP: 46/63 MP: 7/7
   275 | D        | Killed a sky beast
   276 | D        | Acquired Qazlal's second power
   361 | D        | Noticed a queen bee
   361 | D        | Noticed a basilisk
   361 | D        | Noticed a troll
   361 | D        | Noticed an ice beast
   361 | D        | Noticed a giant frog
   363 | D        | Killed a giant frog
   364 | D        | Noticed a yaktaur
   364 | D        | a queen bee changed into a yaktaur
   366 | D        | Killed an ice beast
   366 | D        | Reached XP level 8. HP: 69/69 MP: 8/8
   367 | D        | Noticed a death drake
   367 | D        | a yaktaur changed into a death drake
   369 | D        | Killed a troll
   369 | D        | Reached skill level 10 in Axes
   371 | D        | Killed a basilisk
   371 | D        | Acquired Qazlal's third power
   372 | D        | Noticed a cyclops
   372 | D        | a death drake changed into a cyclops
   375 | D        | Killed a cyclops
   375 | D        | Reached skill level 12 in Axes
   375 | D        | Reached XP level 9. HP: 71/75 MP: 9/9
   409 | D        | Noticed Erica
   425 | D        | Killed Erica
   425 | D        | Reached skill level 14 in Axes
   649 | D        | Noticed an iguana
   649 | D        | Noticed a yak
   649 | D        | Noticed a giant frog
   649 | D        | Noticed a komodo dragon
   649 | D        | Noticed a porcupine
   651 | D        | Killed a porcupine
   654 | D        | Noticed a hippogriff
   655 | D        | Noticed a yak
   657 | D        | Killed a komodo dragon
   657 | D        | Acquired Qazlal's fourth power
   657 | D        | Reached skill level 15 in Axes
   661 | D        | Killed a giant frog
   664 | D        | Killed a yak
   665 | D        | Noticed a fire drake
   667 | D        | Killed an iguana
   668 | D        | Acquired Qazlal's fifth power
   673 | D        | Killed a hippogriff
   673 | D        | Reached skill level 16 in Axes
   673 | D        | Reached XP level 10. HP: 72/82 MP: 10/10
   680 | D        | Killed a yak
   683 | D        | Killed a fire drake
   694 | D        | Noticed a yak
   694 | D        | Noticed a komodo dragon
   694 | D        | Noticed a giant frog
   694 | D        | Noticed a spiny frog
   694 | D        | Noticed a spiny frog
   694 | D        | Noticed a spiny frog
   697 | D        | Noticed an elephant
   698 | D        | Killed a spiny frog
   698 | D        | Reached skill level 1 in Invocations
   701 | D        | Noticed a black mamba
   704 | D        | Killed a spiny frog
   704 | D        | Reached skill level 17 in Axes
   708 | D        | Killed a spiny frog
   709 | D        | Noticed a porcupine
   711 | D        | Killed a giant frog
   717 | D        | Killed a komodo dragon
   725 | D        | Killed a yak
   732 | D        | Killed an elephant
   738 | D        | Killed a black mamba
   740 | D        | Killed a porcupine
   740 | D        | Reached skill level 18 in Axes
   869 | D        | Noticed an elephant
   869 | D        | Noticed an elephant
   869 | D        | Noticed an elephant
   869 | D        | Noticed an elephant
   869 | D        | Noticed an elephant
   869 | D        | Noticed an elephant
   874 | D        | Noticed an elephant
   876 | D        | Killed an elephant
   876 | D        | Reached skill level 5 in Invocations
   876 | D        | Reached XP level 11. HP: 88/90 MP: 14/14
   884 | D        | Killed an elephant
   884 | D        | Reached skill level 10 in Fighting
   886 | D        | Killed an elephant
   890 | D        | Killed an elephant
   893 | D        | Killed an elephant
   902 | D        | Killed an elephant
   902 | D        | Reached skill level 19 in Axes
   906 | D        | Killed an elephant
   906 | D        | Reached skill level 1 in Evocations
   914 | D        | Noticed an elephant
   922 | D        | Killed an elephant
   955 | D        | Noticed Harold
   976 | D        | Killed Harold
  1109 | D        | Noticed an orc priest
  1109 | D        | Noticed an orc priest
  1109 | D        | Noticed an orc wizard
  1109 | D        | Noticed an orc warrior
  1109 | D        | Noticed an orc priest
  1112 | D        | Noticed an orc wizard
  1114 | D        | Killed an orc warrior
  1115 | D        | Killed an orc priest
  1117 | D        | Killed an orc wizard
  1118 | D        | Noticed an orc priest
  1119 | D        | Killed an orc priest
  1123 | D        | Killed an orc priest
  1124 | D        | Noticed an orc wizard
  1125 | D        | Killed an orc wizard
  1130 | D        | Killed an orc priest
  1131 | D        | Noticed an orc priest
  1136 | D        | Killed an orc wizard
  1144 | D        | Killed an orc priest
  1365 | D        | Noticed an orc wizard
  1365 | D        | Noticed an orc warrior
  1365 | D        | Noticed an orc knight
  1365 | D        | Noticed an orc warrior
  1367 | D        | Noticed an orc warrior
  1370 | D        | Noticed an orc sorcerer
  1373 | D        | Noticed an orc warrior
  1374 | D        | Killed an orc knight
  1378 | D        | Killed an orc warrior
  1379 | D        | Noticed an orc warrior
  1380 | D        | Noticed an orc priest
  1388 | D        | Killed an orc warrior
  1393 | D        | Noticed an orc high priest
  1393 | D        | Killed an orc sorcerer
  1393 | D        | Reached skill level 20 in Axes
  1397 | D        | Killed an orc warrior
  1407 | D        | Killed an orc warrior
  1411 | D        | Killed an orc warrior
  1412 | D        | Noticed a sun demon
  1412 | D        | Killed an orc wizard
  1417 | D        | Killed an orc priest
  1429 | D        | Killed an orc high priest
  1429 | D        | Reached XP level 12. HP: 65/100 MP: 18/18
  1457 | D        | Found Natecobo's Gadget Boutique.
  1457 | D        | Noticed an ogre
  1457 | D        | Noticed a two-headed ogre
  1457 | D        | Noticed an ogre
  1457 | D        | Noticed a two-headed ogre
  1457 | D        | Noticed an ogre mage
  1458 | D        | Noticed an ogre
  1460 | D        | Killed an ogre mage
  1462 | D        | Killed a two-headed ogre
  1463 | D        | Noticed an ogre
  1465 | D        | Noticed an ogre
  1465 | D        | Killed a two-headed ogre
  1466 | D        | Killed an ogre
  1467 | D        | Found Bypaman's Jewellery Shop.
  1469 | D        | Killed an ogre
  1471 | D        | Killed an ogre
  1474 | D        | Killed an ogre
  1478 | D        | Killed an ogre
  1479 | D        | Found Vueq's Magic Scroll Boutique.
  1483 | D        | Found Jyrrup's Food Shop.
  1483 | D        | Noticed an ogre mage
  1484 | D        | Noticed an ogre mage
  1485 | D        | Noticed a two-headed ogre
  1486 | D        | Noticed an ogre mage
  1488 | D        | Noticed an ogre mage
  1490 | D        | Killed an ogre mage
  1490 | D        | Reached skill level 10 in Armour
  1495 | D        | Killed an ogre mage
  1498 | D        | Killed an ogre mage
  1498 | D        | Reached skill level 21 in Axes
  1500 | D        | Killed a two-headed ogre
  1502 | D        | Killed an ogre mage
  1641 | D        | Bought a scroll of enchant weapon for 75 gold pieces
  1641 | D        | Bought a scroll of fear for 35 gold pieces
  1641 | D        | Bought a scroll of fear for 35 gold pieces
  1644 | D        | Bought a slice of pizza for 16 gold pieces
  1644 | D        | Bought a slice of pizza for 16 gold pieces
  1644 | D        | Bought a slice of pizza for 16 gold pieces
  1644 | D        | Bought a meat ration for 55 gold pieces
  1644 | D        | Bought a meat ration for 55 gold pieces
  1648 | D        | Bought the ring of Utaergho {rC- MR+ MP+9 Dex+4 Stlth+} for 515 gold pieces
  1808 | D        | Noticed Gastronok
  1809 | D        | Noticed Eustachio
  1817 | D        | Killed Gastronok
  1817 | D        | Reached skill level 10 in Invocations
  1827 | D        | Killed Eustachio
  2154 | D        | Noticed a cyclops
  2154 | D        | Noticed a giant frog
  2154 | D        | Noticed a hungry ghost
  2154 | D        | Noticed a sky beast
  2154 | D        | Noticed a hill giant
  2154 | D        | Noticed a jelly
  2156 | D        | Killed a jelly
  2160 | D        | Killed a hill giant
  2161 | D        | Noticed a stone giant
  2162 | D        | Killed a sky beast
  2163 | D        | Noticed a manticore
  2169 | D        | Noticed a wight
  2170 | D        | Noticed a yaktaur
  2173 | D        | Killed a hungry ghost
  2177 | D        | Killed a giant frog
  2179 | D        | Noticed an ice dragon
  2181 | D        | Killed a manticore
  2181 | D        | Killed a cyclops
  2185 | D        | Killed a stone giant
  2185 | D        | Reached skill level 22 in Axes
  2185 | D        | Reached XP level 13. HP: 24/111 MP: 21/21
  2189 | D        | Noticed a fire dragon
  2190 | D        | Noticed a slime creature
  2190 | D        | Killed a wight
  2192 | D        | Killed a yaktaur
  2197 | D        | Killed from afar by an ice dragon

Vault maps used:
D:        linesprint

Action                   |  1- 3 |  4- 6 |  7- 9 | 10-12 | 13-15 || total
-------------------------+-------+-------+-------+-------+-------++-------
Melee: War axe           |    20 |    36 |    50 |   263 |     8 ||   377
Invok: Upheaval          |       |       |       |     2 |     1 ||     3
Evoke: Wand              |       |       |       |     4 |       ||     4
  Use: Potion            |     1 |       |     1 |     1 |     2 ||     5
       Scroll            |       |       |     6 |     3 |       ||     9
  Eat: Bread ration      |       |       |     1 |       |       ||     1
       Pizza             |       |       |       |     1 |       ||     1
